 Dungeon Sprint DCSS version 0.27-a0-475-g4587593e40 (webtiles) character file.

Game seed: 7413619482089797399

19014 Mitsuki the Blocker (level 12, -9/118 HPs)
             Began as a Minotaur Fighter on Mar 1, 2021.
             Was the Champion of the Shining One.
             Killed from afar by an ice dragon (25 damage)
             ... with a blast of cold
             ... in the Dungeon (Sprint V: "Ziggurat Sprint").
             The game lasted 00:15:49 (762 turns).

Mitsuki the Blocker (Minotaur Fighter)               Turns: 762, Time: 00:15:50

Health: -9/118     AC: 35    Str: 27    XL:     12   Next: 32%
Magic:  30/38      EV: 10    Int: 11    God:    the Shining One [******]
Gold:   0          SH: 44    Dex: 15    Spells: 11/11 levels left

rFire    + . .     SeeInvis +   a - +5 double sword (flame)
rCold    + . .     Faith    .   G - +18 shield of the Gong {rElec rN+ Will+ EV-5}
rNeg     + + +     Spirit   .   F - +15 Maxwell's patent armour {-Cast -Tele rElec Will+ rCorr}
rPois    +         Reflect  .   (helmet restricted)
rElec    +         Harm     .   C - +2 cloak {rCorr}
rCorr    +         Rampage  .   (no gloves)
Will     ++...     NoTele   +   (no boots) Stlth ..........NoCast +
                                w - amulet of regeneration
HPRegen  1.29/turn              K - ring "Weziecin" {rElec MP+9 SInv}
MPRegen  0.26/turn              y - ring of Deluel {MP+9 Int+6 Dex+6}

@: mighty, divine shield, resistant, glowing, studying 2 skills
A: retaliatory headbutt, horns 2
a: Renounce Religion, Divine Shield, Cleansing Flame, Summon Divine Warrior


You were in the Dungeon.
You worshipped the Shining One.
The Shining One was exalted by your worship.
You visited 1 branch

Inventory:

Hand Weapons
 a - a +5 double sword of flaming (weapon)
 b - the +5 sword of Power {vorpal}
   (You found it in the Dungeon)

   It inflicts extra damage upon your enemies.
 c - the +11 plutonium sword {*Contam Stlth-}
   (You found it in the Dungeon)

   It causes magical contamination when unequipped.
   It makes you less stealthy.
 x - the +7 Singing Sword {vorpal, sonic wave}
   (You found it in the Dungeon)

   It inflicts extra damage upon your enemies.
 E - a +7 eudemon blade of holy wrath
Armour
 C - a +2 cloak of preservation (worn)
 F - the +15 Maxwell's patent armour (worn) {-Cast -Tele rElec Will+ rCorr}
   (You found it in the Dungeon)

   It insulates you from electricity.
   It affects your willpower, your defense against some magical effects.
   It prevents spellcasting.
   It prevents most forms of teleportation.
   It provides partial protection from all sources of acid and corrosion.
 G - the +18 shield of the Gong (worn) {rElec rN+ Will+ EV-5}
   (You found it in the Dungeon)

   It affects your evasion (-5).
   It insulates you from electricity.
   It protects you from negative energy.
   It affects your willpower, your defense against some magical effects.
Jewellery
 w - an amulet of regeneration (around neck)
 y - the ring of Deluel (right hand) {MP+9 Int+6 Dex+6}
   (You found it in the Dungeon)

   [ring of intelligence]

   It affects your intelligence (+6).
   It affects your dexterity (+6).
   It affects your magic capacity (+9).
 K - the ring "Weziecin" (left hand) {rElec MP+9 SInv}
   (You found it in the Dungeon)

   [ring of see invisible]

   It insulates you from electricity.
   It affects your magic capacity (+9).
   It lets you see invisible.
Wands
 t - a wand of mindburst (7)
 u - a wand of iceblast (7)
 v - a wand of acid (7)
 H - a wand of digging (3)
 I - a wand of polymorph (8)
 J - a wand of random effects (12)
Scrolls
 j - 4 scrolls of blinking
 o - 4 scrolls of amnesia
 p - 8 scrolls of fog
 q - 2 scrolls of holy word
 r - 5 scrolls of identify
 s - 2 scrolls of fear
 B - 4 scrolls of enchant armour
Potions
 d - 6 potions of might
 e - 8 potions of curing
 f - 9 potions of heal wounds
 g - 6 potions of haste
 h - 7 potions of magic
 i - 3 potions of berserk rage
 k - 2 potions of brilliance
 l - 2 potions of invisibility
 m - 3 potions of resistance
 n - a potion of experience
 A - a potion of lignification {unknown}
Miscellaneous
 z - a box of beasts
 D - a lightning rod (4/4)
 L - a phial of floods


   Skills:
 + Level 14.6 Fighting
 + Level 14.4 Long Blades
 + Level 14.6 Armour
 + Level 13.3 Dodging
 + Level 14.9 Shields
 - Level 12.0 Invocations
 - Level 11.3 Evocations


You had 11 spell levels left.
You didn't know any spells.
Your spell library contained the following spells:

 Spells                   Type           Power        Failure   Level
 Animate Skeleton         Necr           0%           93%         1
 Magic Dart               Conj           0%           93%         1
 Sandblast                Erth           0%           93%         1
 Sting                    Tmut/Pois      0%           93%         1
 Passwall                 Tmut/Erth      0%           98%         2
 Sublimation of Blood     Necr           0%           98%         2
 Conjure Flame            Conj/Fire      0%           100%        3
 Dazzling Flash           Conj/Hex       0%           100%        3
 Ignite Poison            Fire/Tmut/Pois 0%           100%        3
 Lesser Beckoning         Tloc           0%           100%        3
 Mephitic Cloud           Conj/Pois/Air  0%           100%        3
 Static Discharge         Conj/Air       0%           100%        3
 Stone Arrow              Conj/Erth      0%           100%        3
 Vampiric Draining        Necr           0%           100%        3
 Hailstorm                Conj/Ice       0%           100%        4
 Iskenderun's Mystic Bla  Conj/Tloc      0%           100%        4
 Petrify                  Tmut/Erth      0%           100%        4
 Sticky Flame             Conj/Fire      0%           100%        4
 Fireball                 Conj/Fire      0%           100%        5
 Lee's Rapid Deconstruct  Erth           0%           100%        5
 Conjure Ball Lightning   Conj/Air       0%           100%        6
 Dispersal                Tloc           0%           100%        6
 Hydra Form               Tmut           0%           100%        6
 Starburst                Conj/Fire      0%           100%        6
 Statue Form              Tmut/Erth      0%           100%        6
 Malign Gateway           Summ/Tloc      0%           100%        7
 Orb of Destruction       Conj           0%           100%        7
 Chain Lightning          Conj/Air       0%           100%        8
 Ignition                 Fire           0%           100%        8
 Lehudib's Crystal Spear  Conj/Erth      0%           100%        8
 Absolute Zero            Ice            0%           100%        9
 Fire Storm               Conj/Fire      0%           100%        9


Dungeon Overview and Level Annotations

Branches:
Dungeon (1/1)

Altars:
Ashenzari
Cheibriados
Dithmenos
Elyvilon
Fedhas
Gozag
Hepliaklqana
Kikubaaqudgha
Makhleb
Nemelex Xobeh
Okawaru
Qazlal
Ru
Sif Muna
Trog
Uskayaw
Vehumet
Wu Jian
Xom
Yredelemnul
Zin
The Shining One
Beogh
Jiyva
Lugonu


Innate Abilities, Weirdness & Mutations

You reflexively headbutt those who attack you in melee.
You have a pair of horns on your head.


Message History

PANG!
You slash the ice dragon! You burn the ice dragon.
The ice dragon is almost dead.
Your angel closely misses the ice dragon.
Your angel hits the ice dragon but does no damage.
The fire dragon closely misses your angel.
The fire dragon misses your angel.
The fire dragon closely misses your angel.
You block the ice dragon's attack.
GONNNNG!
You block the ice dragon's attack.
GONNNNG!
You block the ice dragon's attack.
PANG!
The ice dragon breathes frost at you. The blast of cold hits you. You resist.
* * * LOW HITPOINT WARNING * * *
You take 2 damage, and have 29/118 hp.
You slice the ice dragon!! You burn the ice dragon!
You kill the ice dragon!
The eight-headed hydra barely misses your angel.
The eight-headed hydra completely misses your angel.
The eight-headed hydra closely misses your angel.
The eight-headed hydra bites your angel!
The eight-headed hydra bites your angel.
The eight-headed hydra misses your angel.
The eight-headed hydra bites your angel!
The eight-headed hydra barely misses your angel.
The fire dragon breathes flames at you. The blast of flame hits you!
You resist.
* * * LOW HITPOINT WARNING * * *
Your angel hits the eight-headed hydra with a +1 whip of holy wrath.
Your angel barely misses the eight-headed hydra.
Your phial of floods has recharged.
You take 14 damage, and have 15/118 hp.
You slice the ice dragon!! You burn the ice dragon!
Your headbutt misses the ice dragon.
The ice dragon is severely wounded.
The ice dragon breathes frost at you. The blast of cold hits you!! You resist.
You die...

[}[)}...▓...8©8...▓..8©8
▓....≈≈≈....▓..))).)..▓..[.)
▓....≈k≈≈..l▓...|)....▓..||.
▓......kk..k▓.........▓.....
▓.......D.kD▓..)).....▓.....
▓..▓.....▓DD▓..[......▓..)..
▓.▓▓▓...▓▓▓D▓..)))....▓..)).
▓..▓....D▓AD▓.▓)....▓.▓.▓(..
▓.....©....@▓....©....▓...©.
▓▓▓▓▓▓▓▓▓▓▓▓▓▓▓▓▓▓▓▓▓▓▓▓▓▓▓▓
▓...8©8...▓...8©8...▓...8©8.
▓...})[=..▓..).|....▓..).:):
▓...)..)..▓..).=....▓...=...
▓.........▓.........▓.......
▓.........▓.........▓.......
▓.........▓.........▓...)...
▓.........▓.........▓...)...


You could see 2 fire dragons, 2 ice dragons, an eight-headed hydra (ally
target), a swamp dragon, a rime drake, a swamp drake, a wyvern (confused) and a
friendly angel (summoned).

Vanquished Creatures
  A bone dragon (D)
  A hydra (D)
  A spriggan air mage (D)
  2 boulder beetles (D)
  2 ice dragons (D)
  Erica (D)
  2 dancing weapons (D)
  A catoblepas (D)
  2 spriggan berserkers (D)
  A deep elf knight (D)
  A deep elf pyromancer (D)
  2 large abominations (D)
  2 cyclopes (D)
  3 toenail golems (D)
  A black mamba (D)
  A smoke demon (D)
  A rime drake (D)
  3 jumping spiders (D)
  A merfolk (D)
  A hornet (D)
  A wind drake (D)
  Sigmund (D)
  An air elemental (D)
  4 spriggans (D)
  2 tarantellas (D)
  2 water elementals (D)
  A redback (D)
  A wraith (D)
  A basilisk (D)
  Edmund (D)
  A water moccasin (D)
  Duvessa (D)
  2 black bears (D)
  An eye of draining (shapeshifter) (D)
  A small abomination (D)
  2 centaurs (D)
  Blork the orc (D)
  3 scorpions (D)
  Dowan (D)
  A crimson imp (D)
  2 quasits (D)
  2 iron imps (D)
  Crazy Yiuf (D)
  Jessica (D)
  2 adders (D)
  A shadow imp (D)
  3 white imps (D)
  An adder zombie (D)
  2 ball pythons (D)
  A leopard gecko skeleton (D)
  A leopard gecko zombie (D)
76 creatures vanquished.

Vanquished Creatures (collateral kills)
  A swamp drake (D)
1 creature vanquished.

Vanquished Creatures (others)
  A spriggan air mage (D)
  A deep elf zephyrmancer (D)
2 creatures vanquished.

Grand Total: 79 creatures vanquished

Notes
Turn   | Place    | Note
-------+----------+-------------------------------------------
     0 | D        | Mitsuki the Minotaur Fighter began the quest for the Orb.
     0 | D        | Reached XP level 1. HP: 19/19 MP: 0/0
     0 | D        | Found a shimmering blue altar of Sif Muna.
     0 | D        | Found a sacrificial altar of Ru.
     0 | D        | Found a bloodstained altar of Trog.
     0 | D        | Found a stormy altar of Qazlal.
     0 | D        | Found an iron altar of Okawaru.
     0 | D        | Found a sparkling altar of Nemelex Xobeh.
     0 | D        | Found a blossoming altar of Fedhas.
     1 | D        | Found the +6 Majin-Bo {vamp, MP+6 Int+6}
     1 | D        | Found the +9 heavy crossbow "Sniper" {vorpal, Acc+∞ SInv}
     1 | D        | Found the +10 dark maul {vorpal}
     1 | D        | Found the +15 Maxwell's patent armour {-Cast -Tele rElec
                  | Will+ rCorr}
     1 | D        | Found the +18 shield of the Gong {rElec rN+ Will+ EV-5}
     1 | D        | Found the +14 obsidian axe {vorpal, *Drain +Fly SInv}
     1 | D        | Found the +7 great mace "Firestarter" {inner flame, rF++}
     1 | D        | Found the +6 shillelagh "Devastator" {shatter}
     1 | D        | Found the +11 plutonium sword {*Contam Stlth-}
     1 | D        | Found the +8 lance "Wyrmbane" {slay drac, rPois rF+ rC+
                  | AC+3}
     1 | D        | Found the +9 sword of Zonguldrok {reap}
     1 | D        | Found the +13 scythe of Curses {drain, *Drain}
     1 | D        | Found the +5 sword of Power {vorpal}
     1 | D        | Found the +7 mace of Variability {chain chaos}
     1 | D        | Found the +7 Singing Sword {vorpal, sonic wave}
     1 | D        | Found the +8 storm bow {elec, penet}
     2 | D        | Found a transporter.
     2 | D        | Found an ancient bone altar of Kikubaaqudgha.
     2 | D        | Found a viscous altar of Jiyva.
     2 | D        | Found a corrupted altar of Lugonu.
     2 | D        | Found a hazy altar of Hepliaklqana.
     2 | D        | Found a burning altar of Makhleb.
     2 | D        | Found an opulent altar of Gozag.
    22 | D        | Became a worshipper of the Shining One
    96 | D        | Entered arena 2.
    96 | D        | Noticed a tarantella
    96 | D        | Noticed a scorpion
    96 | D        | Found a transporter.
    98 | D        | Killed a scorpion
    99 | D        | Reached XP level 2. HP: 28/28 MP: 0/2
    99 | D        | Reached XP level 3. HP: 34/34 MP: 0/3
    99 | D        | Killed a tarantella
   100 | D        | Reached skill level 5 in Long Blades
   100 | D        | Reached XP level 4. HP: 44/44 MP: 0/6
   100 | D        | Reached XP level 5. HP: 50/50 MP: 0/7
   169 | D        | Entered arena 3.
   169 | D        | Noticed a toenail golem
   169 | D        | Reached * piety under the Shining One
   169 | D        | Noticed a toenail golem
   169 | D        | Noticed a toenail golem
   169 | D        | Found a transporter.
   175 | D        | Killed a toenail golem
   176 | D        | Reached skill level 5 in Invocations
   176 | D        | Reached skill level 5 in Evocations
   176 | D        | Reached XP level 6. HP: 61/61 MP: 7/9
   176 | D        | Reached XP level 7. HP: 67/67 MP: 7/10
   177 | D        | Killed a toenail golem
   179 | D        | Killed a toenail golem
   180 | D        | Reached XP level 8. HP: 78/78 MP: 7/12
   190 | D        | Entered arena 4.
   190 | D        | Reached ** piety under the Shining One
   190 | D        | Reached *** piety under the Shining One
   190 | D        | Found a transporter.
   194 | D        | Reached **** piety under the Shining One
   204 | D        | Got the +1 fire dragon scales of the Black Moon {+Inv rF++
                  | rC- Int+8}
   207 | D        | Entered arena 5.
   207 | D        | Reached ***** piety under the Shining One
   207 | D        | Found a transporter.
   216 | D        | Got the ring of Deluel {MP+9 Int+6 Dex+6}
   223 | D        | Entered arena 6.
   223 | D        | Found a transporter.
   224 | D        | Found the +6 arbalest "Damnation" {damnation}
   381 | D        | Entered arena 7.
   381 | D        | Noticed a spriggan rider
   381 | D        | Reached ****** piety under the Shining One
   382 | D        | Found a transporter.
   386 | D        | Reached skill level 10 in Shields
   387 | D        | Reached XP level 9. HP: 85/85 MP: 13/13
   388 | D        | Reached skill level 10 in Armour
   391 | D        | Reached skill level 10 in Fighting
   391 | D        | Reached skill level 10 in Long Blades
   401 | D        | Entered arena 8.
   401 | D        | Noticed a cyclops
   401 | D        | Noticed a wind drake
   401 | D        | Noticed a merfolk
   401 | D        | Noticed a cyclops
   402 | D        | Identified the +4 scimitar of the Volcano {vorpal, *Corrode
                  | +Blink +Fly rC- Int+5}
   403 | D        | Found a transporter.
   409 | D        | Killed a cyclops
   410 | D        | Killed a wind drake
   414 | D        | Killed a cyclops
   415 | D        | Killed a merfolk
   438 | D        | Entered arena 9.
   438 | D        | Noticed a jumping spider
   438 | D        | Noticed a jumping spider
   438 | D        | Noticed a jumping spider
   439 | D        | Found a transporter.
   442 | D        | Killed a jumping spider
   442 | D        | Killed a jumping spider
   443 | D        | Reached XP level 10. HP: 95/96 MP: 15/15
   446 | D        | Reached skill level 10 in Dodging
   453 | D        | Got the Catalogue of Transmutation
   455 | D        | Got the +6 scale mail of Boredom {Harm rC- Str+5 Int-2}
   465 | D        | Entered arena 10.
   465 | D        | Noticed Sigmund
   465 | D        | Noticed Jessica
   465 | D        | Noticed Blork the orc
   465 | D        | Noticed Crazy Yiuf
   465 | D        | Noticed Dowan
   465 | D        | Noticed Duvessa
   465 | D        | Noticed Edmund
   465 | D        | Noticed Erica
   466 | D        | Found the +7 Kryia's mail coat {PotionHeal*2 rC+}
   467 | D        | Killed Dowan
   468 | D        | Found a transporter.
   469 | D        | Killed Sigmund
   469 | D        | Killed Jessica
   469 | D        | Killed Crazy Yiuf
   469 | D        | Killed Duvessa
   470 | D        | Killed Edmund
   470 | D        | Killed Blork the orc
   475 | D        | Killed Erica
   509 | D        | Entered arena 11.
   509 | D        | Noticed a +1 long sword of holy wrath
   509 | D        | Noticed a deep elf knight
   509 | D        | Noticed a deep elf zephyrmancer
   509 | D        | Noticed a +1 hand axe of draining
   509 | D        | Noticed a deep elf pyromancer
   510 | D        | Found the +8 arc blade {discharge, rElec}
   511 | D        | Killed a deep elf zephyrmancer
   512 | D        | Killed a +1 long sword of holy wrath
   512 | D        | Killed a +1 hand axe of draining
   513 | D        | Reached skill level 10 in Invocations
   521 | D        | Killed a deep elf knight
   523 | D        | Killed a deep elf pyromancer
   524 | D        | Reached XP level 11. HP: 52/105 MP: 17/17
   525 | D        | Found a transporter.
   538 | D        | Got Coagatog's Disquisition on Translocation
   567 | D        | Identified a +7 eudemon blade of holy wrath (a +5 demon
                  | blade blessed by the Shining One)
   567 | D        | Received a gift from the Shining One
   568 | D        | Entered arena 12.
   568 | D        | Noticed a bone dragon
   607 | D        | Killed a bone dragon
   608 | D        | Reached skill level 10 in Evocations
   610 | D        | Found a transporter.
   622 | D        | Got Ijyd's Tome of the Ghastly Arsonist
   627 | D        | Got the Tome of Attacks
   632 | D        | Got the ring "Weziecin" {rElec MP+9 SInv}
   671 | D        | Entered arena 13.
   671 | D        | Noticed a spriggan air mage
   671 | D        | Noticed a boulder beetle
   671 | D        | Noticed a boulder beetle
   671 | D        | Noticed a catoblepas
   671 | D        | Noticed a spriggan air mage
   672 | D        | Identified the amulet "Uthagg" {RegenMP rPois Slay+3
                  | Stlth+}
   672 | D        | Noticed a spriggan berserker
   672 | D        | Noticed a spriggan berserker
   673 | D        | Noticed a six-headed hydra
   680 | D        | Killed a spriggan berserker
   681 | D        | Killed a spriggan air mage
   682 | D        | Killed a boulder beetle
   682 | D        | Killed a catoblepas
   682 | D        | Killed a spriggan berserker
   683 | D        | Reached XP level 12. HP: 117/117 MP: 19/19
   684 | D        | Killed a seven-headed hydra
   699 | D        | Killed a spriggan air mage
   701 | D        | Killed a boulder beetle
   702 | D        | Found a transporter.
   722 | D        | Got the Disquisition on Cankerous Blows and Bruises
   725 | D        | Entered arena 14.
   740 | D        | Noticed a fire dragon
   740 | D        | Noticed an ice dragon
   740 | D        | Noticed an ice dragon
   740 | D        | Noticed an ice dragon
   740 | D        | Noticed an eight-headed hydra
   740 | D        | Noticed a fire dragon
   740 | D        | Noticed an ice dragon
   753 | D        | The Shining One protects you from harm!
   757 | D        | Killed an ice dragon
   761 | D        | Killed an ice dragon
   762 | D        | Killed from afar by an ice dragon

Illustrated notes

Levels and vault maps discovered:
D:        sprint_v [room_start, room_1, room_2, room_3, room_4, room_5, room_6,
          room_7, room_8, room_9, room_10, room_11, room_12, room_13, room_14,
          room_15, room_16, room_17, room_18, room_19, room_20, room_21,
          room_22, room_23, room_24, room_25, room_26, room_27]

Skill      XL: |  1  2  3  4  5  6  7  8  9 10 11 12 |
---------------+-------------------------------------+-----
Fighting       | 4 6 7 9 11 12 14 | 14.6
Long Blades    | 3 5 7 8 9 11 12 13 14 | 14.4
Armour         | 4 6 7 9 11 12 14 | 14.6
Dodging        | 2 4 6 7 8 9 11 12 13 | 13.3
Shields        | 4 6 8 9 10 11 12 14 | 14.9
Invocations    | 2 4 5 6 7 9 10 11 12 | 12.0
Evocations     | 2 3 5 6 7 8 9 11 | 11.3

Action                   |  1- 3 |  4- 6 |  7- 9 | 10-12 || total
-------------------------+-------+-------+-------+-------++-------
Melee: Double sword      |     2 |     3 |    29 |    47 ||    81
       Headbutt          |       |     2 |     5 |    24 ||    31
       Eudemon blade     |       |       |       |    34 ||    34
Invok: Brand Weapon With |       |       |       |     1 ||     1
       Divine Shield     |       |       |       |     1 ||     1
       Summon Divine War |       |       |       |     1 ||     1
Evoke: Lightning rod     |       |       |     1 |     2 ||     3
       Phial of floods   |       |       |       |     1 ||     1
  Use: Scroll            |       |       |       |     1 ||     1
       Potion            |       |       |       |     5 ||     5
Armor: Plate armour      |       |     4 |    25 |    73 ||   102
Dodge: Dodged            |       |       |     5 |    26 ||    31
Block: Kite shield       |     3 |     5 |    47 |   135 ||   190
       Rpst.: Double sword |       |       |     2 |     3 ||     5
       Eudemon blade     |       |       |       |     1 ||     1

Table legend: (Time is in decaauts)
 A = Elapsed time spent in this place.
 B = Non-inter-level travel time spent in this place.
 C = Inter-level travel time spent in this place.
 D = Time resting spent in this place.
 E = Time spent auto-exploring this place.
 F = Levels seen in this place.
 G = Mean time per level.
                   A        B        C        D        E       F      G
               +--------+--------+--------+--------+--------+-----+--------+
         Total |    749 |    749 |      0 |    242 |      8 |   1 |  749.0 |
       Dungeon |    749 |    749 |      0 |    242 |      8 |   1 |  749.0 |
               +--------+--------+--------+--------+--------+-----+--------+

Top non-repeatable levels by time:
       D: 749 daAuts
